 Dungeon Crawl Stone Soup version 0.30-a0-297-g0ec75d9ef4 (webtiles) character file.

Game seed: 11084370079027461283

106 lunkers the Digger (level 5, 0/38 HPs)
             Began as a Meteoran Earth Elementalist on Oct 19, 2022.
             Slain by Pikel
             ... wielding a +2 whip of freezing
              (3 damage)
             ... on level 3 of the Dungeon.
             The game lasted 00:02:44 (1140 turns).

lunkers the Digger (Meteoran Earth Elementalist)    Turns: 1140, Time: 00:02:45

Health: 0/38       AC:  4    Str:  9    XL:     5   Next: 32%
Magic:  6/12       EV: 12    Int: 19    God:
Gold:   87         SH:  0    Dex: 14    Spells: 2/12 levels left

rFire   . . .      SeeInvis .    l - +1 dagger (drain)
rCold   . . .      Faith    .    (no shield)
rNeg    . . .      Spirit   .    g - +1 animal skin
rPois   .          Reflect  .    h - +0 helmet
rElec   .          Harm     .    (no cloak)
rCorr   .          Rampage  .    (no gloves)
Will    .....                    (no boots)
Stlth   +.........               (no amulet)
HPRegen 0.26/turn                (no ring)
MPRegen 0.13/turn                (no ring)

@: glowing
A: sense surroundings 1, otherworldly, glowing, explore regen
a: no special abilities


You were on level 3 of the Dungeon.
You visited 1 branch of the dungeon, and saw 4 of its levels.

You collected 87 gold pieces.

Inventory:

Hand Weapons
 l - a +1 dagger of draining (weapon)
Missiles
 m - 3 curare-tipped darts
Armour
 a - a +0 robe
 g - a +1 animal skin (worn)
 h - a +0 helmet (worn)
Magical Staves
 k - a staff of fire
Jewellery
 j - a ring of fire
Scrolls
 c - a scroll of fear {unknown}
 d - 3 scrolls of magic mapping {unknown}
 i - a scroll of teleportation {unknown}
 n - a scroll of silence {unknown}
 o - 2 scrolls of identify {unknown}
Potions
 b - a potion of magic
 e - a potion of mutation {unknown}
 f - 2 potions of curing {unknown}


   Skills:
 - Level 2.4 Dodging
 - Level 1.4 Stealth
 + Level 4.0 Spellcasting
 - Level 1.2 Transmutations
 * Level 5.7 Earth Magic


You had 2 spell levels left.
You knew the following spells:

 Your Spells              Type           Power      Damage    Failure   Level
a - Sandblast             Erth           50%        2d12      1%          1
b - Passwall              Tmut/Erth      14%        N/A       4%          2
c - Stone Arrow           Conj/Erth      28%        3d8       13%         3
d - Petrify               Tmut/Erth      17%        N/A       32%         4

Your spell library contained the following spells:

 Spells                   Type           Power      Damage    Failure   Level


Dungeon Overview and Level Annotations

Branches:
Dungeon (4/15) Zot: 1221
 Temple: D:4-7

Altars:

Shops:
D:1 (   D:3 (

Annotations:
D:3 Pikel


Innate Abilities, Weirdness & Mutations

You passively map a small area around you.
You are easily found by Zot.
You glow in the dark.
You regain HP and MP as you explore.


Message History

The blast of sand misses the lemure.
The blast of sand hits the lemure but does no damage.
The lemure hits you but does no damage.
Casting: Sandblast (safe; 1% risk of failure)
Confirm with . or Enter, or press ? or * to list all spells.
The blast of sand hits the lemure but does no damage.
The lemure is almost dead.
Pikel hits you with a +2 whip of freezing!
Pikel freezes you.
You climb upwards.
There is a stone staircase leading down here.
Unknown command.
Casting: Sandblast (safe; 1% risk of failure)
Confirm with . or Enter, or press ? or * to list all spells.
The blast of sand hits Pikel but does no damage.
Pikel hits you with a +2 whip of freezing.
* * * LOW HITPOINT WARNING * * *
Pikel freezes you.
* * * LOW HITPOINT WARNING * * *
Unknown command.
Unknown command.
Unknown command.
Unknown command.
Unknown command.
Unknown command.
Casting: Sandblast (safe; 1% risk of failure)
Confirm with . or Enter, or press ? or * to list all spells.
Aiming: Sandblast (safe; 1% risk of failure)
Press: ? - help, Shift-Dir - straight line, f/p - Pikel
Aim: Pikel, wielding a +2 whip of freezing and wearing a +0 robe (79% to hit)
The blast of sand hits Pikel.
Pikel is lightly wounded.
Pikel hits you with a +2 whip of freezing!
* * * LOW HITPOINT WARNING * * *
Pikel freezes you.
* * * LOW HITPOINT WARNING * * *
Pikel hits you with a +2 whip of freezing!
* * * LOW HITPOINT WARNING * * *
Pikel freezes you.
You die...

**
,..........## ,
#.########..##
* #.#<#...##..#
*#.#.#.#.#...#
,,
#.#.#.......#
###.#.#..######
,...#.#..#
**#.#....# *
#@....## *
#.K.#.# #.....#
#######


You could see Pikel.

Vanquished Creatures
  An iguana (D:4)
  Robin (D:2)
  2 adders
  2 dart slugs
  2 ball pythons
  3 bats
  An endoplasm (D:2)
  A giant cockroach (D:1)
  15 goblins
  5 hobgoblins
  4 jackals (D:1)
  A quokka (D:1)
  2 frilled lizards
  3 kobolds
  A rat (D:2)
44 creatures vanquished.

Notes
Turn   | Place    | Note
-------+----------+-------------------------------------------
     0 | D:1      | lunkers the Meteoran Earth Elementalist began the quest for
                  | the Orb.
     0 | D:1      | Reached XP level 1. HP: 14/14 MP: 5/5
    25 | D:1      | Reached skill level 4 in Earth Magic
    25 | D:1      | Reached XP level 2. HP: 20/20 MP: 0/6
   209 | D:1      | Found Xumya's Weapon Shop.
   281 | D:2      | Reached XP level 3. HP: 26/26 MP: 5/8
   324 | D:2      | Noticed Robin
   378 | D:2      | Reached XP level 4. HP: 33/33 MP: 0/10
   418 | D:2      | Reached skill level 5 in Earth Magic
   442 | D:2      | Killed Robin
   836 | D:3      | Found Donip's Antique Weapon Shop.
   867 | D:3      | Learned a level 2 spell: Passwall
   871 | D:3      | Learned a level 3 spell: Stone Arrow
   876 | D:3      | Learned a level 4 spell: Petrify
  1096 | D:4      | Reached XP level 5. HP: 38/38 MP: 8/11
  1107 | D:4      | Noticed a lemure
  1107 | D:4      | Noticed a lemure
  1108 | D:4      | Noticed Pikel
  1108 | D:4      | Noticed a lemure
  1109 | D:4      | Noticed a lemure
  1140 | D:3      | Slain by Pikel

Illustrated notes

Levels and vault maps discovered:
D:1:      dpeg_arrival_boxorama, layout_loops_cross, serial_shops,
          nicolae_shop_statue_plus, minmay_indecisive_spiral
D:2:      layout_basic, uniq_robin
D:3:      layout_basic, serial_shops, nicolae_shop_hallway_stairs,
          nicolae_concentric_dashed_squares_wild
D:4:      layout_rooms, grunt_temple_overflow_forces_of_nature,
          mainiacjoe_overflow_large_starburst, uniq_crazy_yiuf_cottage,
          uniq_pikel

Skill      XL: |  1  2  3  4  5 |
---------------+----------------+-----
Earth Magic    | 4 5 |  5.7
Spellcasting   | 3 4 |  4.0
Dodging        | |  2.4
Stealth        | |  1.4
Transmutations | |  1.2

Action                   |  1- 3 |  4- 6 || total
-------------------------+-------+-------++-------
 Cast: Sandblast         |    42 |    34 ||    76
Armor: Robe              |     6 |     1 ||     7
       Animal skin       |       |     3 ||     3
Dodge: Dodged            |    19 |     5 ||    24

Table legend: (Time is in decaauts)
 A = Elapsed time spent in this place.
 B = Non-inter-level travel time spent in this place.
 C = Inter-level travel time spent in this place.
 D = Time resting spent in this place.
 E = Time spent auto-exploring this place.
 F = Levels seen in this place.
 G = Mean time per level.
                   A        B        C        D        E       F      G
               +--------+--------+--------+--------+--------+-----+--------+
         Total |   1176 |   1137 |     39 |      0 |    784 |   4 |  294.0 |
       Dungeon |   1176 |   1137 |     39 |      0 |    784 |   4 |  294.0 |
               +--------+--------+--------+--------+--------+-----+--------+

Top non-repeatable levels by time:
     D:2: 578 daAuts
     D:1: 284 daAuts
     D:3: 247 daAuts
     D:4: 66 daAuts
